 Dungeon Crawl Stone Soup version 0.18-a0-1343-g48c8f86 (webtiles) character file.

671 M4edhros the Sneak (level 7, -1/45 HPs)
             Began as an Octopode Artificer on Feb 16, 2016.
             Slain by a gnoll
             ... wielding a +0 whip
              (5 damage)
             ... on level 5 of the Dungeon.
             The game lasted 00:05:48 (2695 turns).

M4edhros the Sneak (Octopode Artificer)             Turns: 2695, Time: 00:05:48

Health: -1/45      AC:  6    Str: 10    XL:     7   Next: 58%
Magic:  11/11      EV: 13    Int: 19    God:
Gold:   93         SH:  0    Dex: 12    Spells: 0 memorised, 6 levels left

rFire  . . .     SeeInvis .     r - +3 flail (protect)
rCold  . . .     Gourm    .     (no shield)
rNeg   . . .     Faith    .     (helmet restricted)
rPois  .         Spirit   .     (no amulet)
rElec  .         Dismiss  .     p - +2 ring of intelligence
rCorr  .         Reflect  .     (no ring)
SustAt .         Harm     .     (no ring)
MR     .....                    (no ring)
Stlth  ++++......               (no ring)
                                (no ring)
                                (no ring)
                                (no ring)

@: not resistant to hostile enchantments, stealthy
A: almost no armour, amphibious, 8 rings, constrict 8, tentacle spike 2,
camouflage 1, gelatinous body 1, evolution 1
a: no special abilities


You were on level 5 of the Dungeon.
You were not hungry.

You visited 1 branch of the dungeon, and saw 5 of its levels.

You collected 120 gold pieces.
You spent 27 gold pieces at shops.

Inventory:

Hand Weapons
 a - a +0 short sword
 r - a +3 flail of protection (weapon)
Missiles
 e - 4 stones (quivered)
Armour
 n - a +0 large shield
Jewellery
 p - a +2 ring of intelligence (left tentacle)
Wands
 b - a wand of flame (0/48)
 c - a wand of enslavement (13/24)
 d - a wand of random effects (0/48)
Scrolls
 h - 5 scrolls of identify {unknown}
 i - 2 scrolls of blinking {unknown}
 j - 2 scrolls of enchant weapon {unknown}
 k - a scroll of amnesia {unknown}
 l - 2 scrolls of random uselessness {unknown}
 o - a scroll of immolation {unknown}
 s - a scroll of magic mapping {unknown}
Potions
 m - a potion of flight {unknown}
 q - 2 potions of haste {unknown}
Comestibles
 f - 2 bread rations


   Skills:
 + Level 2.0 Fighting
 + Level 2.6 Short Blades
 + Level 0.4 Maces & Flails
 + Level 4.2 Dodging
 + Level 6.1 Stealth
 + Level 5.9 Evocations


You had 6 spell levels left.
You didn't know any spells.

Dungeon Overview and Level Annotations

Branches:
Dungeon (5/15)
 Temple: D:4-7

Altars:
Ashenzari
Gozag

Shops:
D:5 !


Innate Abilities, Weirdness & Mutations

You cannot wear most types of armour.
You are amphibious.
You can wear up to eight rings at the same time.
You can use your tentacles to constrict eight enemies at once.
Your skin changes colour to match your surroundings (Stealth).
Your rubbery body absorbs attacks (AC +1).
One of your tentacles bears a nasty spike.
You evolve.


Message History

You pierce the gnoll sergeant, but do no damage.
The gnoll sergeant is severely wounded.
You constrict the gnoll sergeant. The gnoll barely misses you.
The gnoll sergeant hits you with a spear!
* * * LOW HITPOINT WARNING * * *
The gnoll closely misses you.
The gnoll sergeant hits you with a spear.
* * * LOW HITPOINT WARNING * * *
Unknown command.
Drink which item? (? for menu, Esc to quit)
Okay, then.
Evoke which item? (* to show all) (? for menu, Esc to quit)
Okay, then.
You release your grip on the gnoll sergeant.
The gnoll sergeant hits you from afar with a spear.
* * * LOW HITPOINT WARNING * * *
Drink which item? (? for menu, Esc to quit)
Okay, then.
The gnoll hits you with a whip.
You die...

....########..### ....
.....##..## ..## #.#.....#
.. #..#..#.# ##...##.#
##.....# .. ##.##..# ....
#..#####
....#########...@g#########
##.....#.....####.g.gg....#
#.............########g...#
...................gg.....#
..................g.g.....#
...............#######....#
...............# #....#
...............# #....#
...............# ######


You could see a gnoll sergeant and 4 gnolls.

Vanquished Creatures
  Eustachio (D:4)
  Edmund (D:4)
  A phantom (D:5)
  A crimson imp (D:5)
  2 hounds
  A giant frog skeleton (D:4)
  An iguana (D:4)
  2 worker ants
  An orc wizard (D:4)
  A hound skeleton (D:4)
  5 adders
  2 worms
  A giant gecko (D:5)
  8 orcs
  2 bats
  3 giant cockroaches
  2 goblins
  2 jackals (D:5)
  A quokka (D:4)
  A giant gecko skeleton (D:4)
  4 kobolds
  2 rats (D:3)
45 creatures vanquished.

Notes
Turn   | Place    | Note
--------------------------------------------------------------
     0 | D:1      | M4edhros the Octopode Artificer began the quest for the Orb.
     0 | D:1      | Reached XP level 1. HP: 13/13 MP: 3/3
   102 | D:1      | Found a shattered altar of Ashenzari.
   235 | D:1      | Reached XP level 2. HP: 12/18 MP: 4/4
   444 | D:2      | Reached skill level 4 in Evocations
   648 | D:3      | Reached XP level 3. HP: 17/23 MP: 6/6
   807 | D:4      | HP: 1/23 [poisoned by an adder]
  1138 | D:4      | Noticed Eustachio
  1153 | D:4      | Killed Eustachio
  1153 | D:4      | Reached skill level 5 in Evocations
  1153 | D:4      | Reached XP level 4. HP: 28/28 MP: 7/7
  1153 | D:4      | Reached XP level 5. HP: 33/33 MP: 8/8
  1271 | D:4      | Reached XP level 6. HP: 18/38 MP: 9/9
  1393 | D:5      | Entered Level 5 of the Dungeon
  1455 | D:4      | Noticed Edmund
  1674 | D:4      | Reached skill level 5 in Stealth
  1902 | D:4      | Found an opulent altar of Gozag.
  2207 | D:4      | Killed Edmund
  2207 | D:4      | Reached XP level 7. HP: 5/44 MP: 11/11
  2500 | D:5      | Found Gihi's Distillery.
  2503 | D:5      | Bought a potion of mutation for 27 gold pieces
  2503 | D:5      | Gained mutation: One of your tentacles bears a spike. [potion of mutation]
  2503 | D:5      | Gained mutation: You evolve. [potion of mutation]
  2503 | D:5      | Gained mutation: One of your tentacles bears a nasty spike. [potion of mutation]
  2541 | D:5      | Reached skill level 6 in Stealth
  2695 | D:5      | Slain by a gnoll

Vault maps used:
D:1:      matt_arrival_spirals, ashenzari_altar_1
D:2:      nicolae_overflow_hidden_temple, uniq_robin
D:3:      first_bread, kennysheep_another_room, serial_bayou_pond_d,
          nicolae_ru_the_path_less_chosen
D:4:      grunt_gozag_breadcrumbs, uniq_eustachio, uniq_edmund
D:5:      serial_shops, nicolae_shop_behind_doors, serial_glass,
          glass_columns_b, glass_columns_a, glass_columns_c, glass_columns_a,
          nemelex_altar_shiori

Action                   |  1- 3 |  4- 6 |  7- 9 || total
-------------------------+-------+-------+-------++-------
Melee: Short sword       |    47 |    61 |       ||   108
       Flail             |       |       |    28 ||    28
Evoke: Wand              |     5 |    20 |     7 ||    32
  Use: Potion            |       |       |     1 ||     1
 Stab: Sleeping          |     5 |     7 |       ||    12
       Confused          |       |     2 |       ||     2
  Eat: Chunk             |       |     2 |     1 ||     3
       Meat ration       |       |       |     1 ||     1
